 Dungeon Crawl Stone Soup version 0.29-a0-350-g7790a0e70a (webtiles) character file.

Game seed: 16966613295380495052

797 spaghetti the Protected (level 7, -2/56 HPs)
             Began as a Gnoll Wanderer on Apr 22, 2022.
             Slain by an orc warrior
             ... wielding a +0 glaive
              (13 damage)
             ... on level 7 of the Dungeon.
             The game lasted 00:05:33 (4510 turns).

spaghetti the Protected (Gnoll Wanderer)            Turns: 4510, Time: 00:05:34

Health: -2/56      AC:  6    Str: 14    XL:     7   Next: 89%
Magic:  20/20      EV: 10    Int: 10    God:
Gold:   276        SH:  5    Dex: 12    Spells: 8/11 levels left

rFire   + . .      SeeInvis .   d - +2 dagger (venom) {short}
rCold   x . .      Faith    .   c - +0 buckler
rNeg    . . .      Spirit   .   e - +2 scale mail
rPois   .          Reflect  .   (no helmet)
rElec   .          Harm     .   (no cloak)
rCorr   .          Rampage  .   (no gloves)
Will    .....                   (no boots)
Stlth   +.........              (no amulet)
HPRegen 0.18/turn               m - ring of magical power
MPRegen 0.17/turn               h - ring of fire

@: corroded
A: fangs 1, strong nose, distributed training
a: no special abilities


You were on level 7 of the Dungeon.
You visited 1 branch of the dungeon, and saw 6 of its levels.

You collected 276 gold pieces.


Innate Abilities, Weirdness & Mutations

You have very sharp teeth.
Your uncanny sense of smell can sniff out nearby items.
Your experience applies equally to all skills.


   Skills:
 + Level 5.4 Fighting
 + Level 2.7 Short Blades
 + Level 2.7 Long Blades
 + Level 2.7 Axes
 + Level 2.7 Maces & Flails
 + Level 2.7 Polearms
 + Level 2.7 Staves
 + Level 2.7 Slings
 + Level 2.7 Bows
 + Level 2.7 Crossbows
 + Level 2.7 Throwing
 + Level 10.8 Armour
 + Level 2.7 Dodging
 + Level 2.7 Stealth
 + Level 5.4 Shields
 + Level 2.7 Unarmed Combat
 + Level 2.7 Spellcasting
 + Level 2.2 Conjurations
 + Level 2.2 Hexes
 + Level 2.2 Summonings
 + Level 2.2 Necromancy
 + Level 2.2 Translocations
 + Level 2.2 Transmutations
 + Level 2.2 Fire Magic
 + Level 2.2 Ice Magic
 + Level 2.2 Air Magic
 + Level 2.2 Earth Magic
 + Level 2.2 Poison Magic
 + Level 3.0 Invocations
 + Level 3.8 Evocations


You had 8 spell levels left.
You knew the following spells:

 Your Spells              Type           Power      Damage    Failure   Level
a - Swiftness             Air            5%         N/A       80%         3

Your spell library contained the following spells:

 Spells                   Type           Power      Damage    Failure   Level
 Shock                    Conj/Air       20%        1d4       43%         1
 Airstrike                Air            2%         N/A       99%         4

Inventory:

Hand Weapons
 a - a +0 club {mace}
 d - a +2 dagger of venom (weapon) {short}
   (You took it off a kobold brigand on level 7 of the Dungeon)
 g - a +0 spear {polearm}
   (You found it on level 1 of the Dungeon)
 k - a +2 mace of holy wrath {mace}
   (You found it on level 1 of the Dungeon)
Missiles
 i - 2 silver javelins {throwing}
 j - 129 stones (quivered) {throwing}
 q - 6 poisoned darts {throwing}
Armour
 c - a +0 buckler (worn)
 e - a +2 scale mail (worn)
Jewellery
 h - a ring of fire (right hand)
   (You found it on level 2 of the Dungeon)
 m - a ring of magical power (left hand)
   (You found it on level 2 of the Dungeon)
 n - a ring of see invisible
   (You found it on level 2 of the Dungeon)
Scrolls
 b - 3 scrolls of fog
 f - a scroll of identify {@r1}
 l - a scroll of vulnerability {!r!r}
 o - 2 scrolls of teleportation {unknown}
 p - 2 scrolls of magic mapping {unknown}
 s - a scroll of immolation {unknown}

Dungeon Overview and Level Annotations

Branches:
Dungeon (8/15)
 Temple: D:4-7         Lair: D:8-11

Altars:

#.^..#....#
#....####.#
##?##.'.8.##
##.8.'....#
...####...#
#...#..#.# ...#..#
##'## ##.##.....
#.. #...# #..#
#..###.##. ..
##..W##..#
#.#.####.### .
....oo##.#
#........# #
#o{o..############
# ###@[......# #
#...######!#
.....## ##....
#...#. #..##. ....
.. ### #.


You could see an orc warrior, a phantom and 3 orcs.


Message History

The kobold hits you but does no damage.
You feel drained.
You now have 55 max hp (-1).
You hit the kobold but do no damage. The kobold barely misses you.
You hit the kobold but do no damage.
The kobold looks as sick as possible!
You kill the kobold!
You now have 276 gold pieces (gained 47).
You see here a +0 short sword of draining {short}. 😮 HP[+1]
Okay, then.
Key pressed, stopping explore.
Key pressed, stopping explore.
Key pressed, stopping explore.
Key pressed, stopping explore.
o - 2 scrolls labelled GAGEUMN HAROR (gained 1)
You open the door.
There is an open door here.
There is an open door here.
You open the door.
There is an open door here.
A jelly comes into view.
The jelly quivers.
The jelly moves out of view. 😎 HP[+24]
Your hp is fully restored (55).
No target in view!
No target in view!
A jelly is nearby!
A jelly is nearby!
An orc warrior, an orc wizard and an orc come into view.
The orc warrior shouts!
The orc wizard shouts!
The orc shouts!
The orc warrior moves out of view.
The orc moves out of view.
The jelly hits you but does no damage.
The orc wizard gestures wildly while chanting.
The orc wizard flickers and vanishes!
Deactivating autopickup; reactivate with Ctrl-A.
You hit the jelly.
Your hands burn! 😕 HP[-2]
You take 2 damage, and now have 53/55 hp.
You hit the jelly.
Your hands burn!
You bite the jelly, but do no damage. The jelly closely misses you.
An orc comes into view.
It is wielding a +1 flail of protection. 😕 HP[-1]
You take 1 damage, and now have 52/55 hp.
You are too injured to fight recklessly!
You are too injured to fight recklessly!
You are too injured to fight recklessly!
You are too injured to fight recklessly!
You are too injured to fight recklessly!
You are too injured to fight recklessly!
You are too injured to fight recklessly!
You are too injured to fight recklessly!
You are too injured to fight recklessly!
You are too injured to fight recklessly!
You are too injured to fight recklessly!
You are too injured to fight recklessly!
You are too injured to fight recklessly!
You are too injured to fight recklessly!
You are too injured to fight recklessly!
You are too injured to fight recklessly!
You are too injured to fight recklessly!
You are too injured to fight recklessly!
Unknown command.
You hit the jelly but do no damage.
The jelly is poisoned.
Your hands burn!
The jelly hits you but does no damage.
A phantom comes into view.
An orc comes into view.
It is wielding a +0 short sword. 😕 HP[-5]
You take 5 damage, and now have 47/55 hp.
The orc shouts!
You hit the jelly.
The jelly looks as sick as possible!
The acid corrodes you!
Your hands burn!
You block the jelly's attack. Something hits you but does no damage.
The orc warrior hits you from afar with a +0 glaive! 😮 HP[-16]
You take 16 damage, and now have 31/55 hp.
MASSIVE DAMAGE!! (PAUSE) Unknown command.
You completely miss the jelly. The jelly barely misses you.
Something hits you but does no damage.
You block the orc warrior's attack. 😮 HP[+1]
You hit the jelly.
Your hands burn!
The jelly misses you. You block the orc's attack.
Something hits you but does no damage.
The orc warrior hits you from afar with a +0 glaive!
* * * LOW HITPOINT WARNING * * *
😱 HP[-19]
You take 19 damage, and now have 13/55 hp.
MASSIVE DAMAGE!! (PAUSE) Unknown command.
You hit the orc.
You kill the jelly!
The orc hits you but does no damage. Something hits you but does no damage.
The orc warrior closely misses you.
Your life force feels restored.
You now have 56 max hp (+1).
You hit the orc but do no damage.
The orc is poisoned.
The orc hits you but does no damage. Something hits you.
* * * LOW HITPOINT WARNING * * *
The orc warrior hits you from afar with a +0 glaive!
You die...

Skill      XL: |  1  2  3  4  5  6  7 |
---------------+----------------------+-----
Armour         | | 10.8
Invocations    | 1 2 3 |  3.0
Short Blades   | 1 2 |  2.7
Long Blades    | 1 2 |  2.7
Axes           | 1 2 |  2.7
Maces & Flails | 1 2 |  2.7
Polearms       | 1 2 |  2.7
Staves         | 1 2 |  2.7
Slings         | 1 2 |  2.7
Bows           | 1 2 |  2.7
Crossbows      | 1 2 |  2.7
Throwing       | 1 2 |  2.7
Dodging        | 1 2 |  2.7
Stealth        | 1 2 |  2.7
Unarmed Combat | 1 2 |  2.7
Spellcasting   | 1 2 |  2.7
Conjurations   | 1 2 |  2.2
Hexes          | 1 2 |  2.2
Summonings     | 1 2 |  2.2
Necromancy     | 1 2 |  2.2
Translocations | 1 2 |  2.2
Transmutations | 1 2 |  2.2
Fire Magic     | 1 2 |  2.2
Ice Magic      | 1 2 |  2.2
Air Magic      | 1 2 |  2.2
Earth Magic    | 1 2 |  2.2
Poison Magic   | 1 2 |  2.2
Evocations     | 3 |  3.8
Fighting       | 5 |  5.4
Shields        | 5 |  5.4

Action                   |  1- 3 |  4- 6 |  7- 9 || total
-------------------------+-------+-------+-------++-------
Melee: Spear             |   120 |   145 |       ||   265
       Bite              |    10 |    14 |     4 ||    28
       Dagger            |       |    20 |    62 ||    82
Throw: Stone             |       |     2 |     5 ||     7
       Dart              |       |     1 |       ||     1
  Use: Potion            |     3 |     4 |       ||     7
       Scroll            |       |     3 |       ||     3
Armor: Scale mail        |    31 |    67 |    42 ||   140
Dodge: Dodged            |    38 |    58 |    19 ||   115
Block: Buckler           |    22 |    32 |    12 ||    66

Levels and vault maps discovered:
D:1:      lemuel_arrival_broad_hall, layout_loops_ring
D:2:      layout_loops_ring, ebering_ecumenical_altar_hall, serial_aquarium,
          aquarium_bridge_straight [aquarium_subvault_bridge,
          aquarium_subvault_wall, aquarium_subvault_bridge,
          aquarium_subvault_window], aquarium_window_2, aquarium_window_fake,
          aquarium_view_2b, aquarium_view_2e, minmay_stone_trees_medium,
          minivault_4, uniq_terence, uniq_natasha
D:3:      layout_loops_ring
D:4:      minmay_polygon_palace, layout_rooms, serial_shops, shop_statue,
          uniq_robin
D:7:      layout_loops_ring, minmay_temple_entry_tees, grunt_ministairs_13
D:8:      layout_loops_ring, hangedman_abyss_or_decor_jellyfish_corner,
          uniq_erica

Notes
Turn   | Place    | Note
-------+----------+-------------------------------------------
     0 | D:1      | Reached skill level 10 in Armour
     0 | D:1      | spaghetti the Gnoll Wanderer began the quest for the Orb.
     0 | D:1      | spaghetti set off with the following items: a +0 club
                  | {mace}, a scroll of fog, a +0 buckler, a potion of might, a
                  | +2 scale mail
     0 | D:1      | Reached XP level 1. HP: 20/20 MP: 1/1
     0 | D:1      | magus.rc [v1.9.6]
   368 | D:1      | Reached XP level 2. HP: 26/26 MP: 2/2
   988 | D:2      | Found a faded altar of an unknown god.
  1031 | D:2      | Noticed Terence
  1054 | D:2      | HP: 5/26 [Terence/+0 mace (6)]
  1073 | D:2      | HP: 3/26 [Terence/+0 mace (6)]
  1075 | D:2      | Killed Terence
  1076 | D:2      | Reached skill level 1 in Invocations
  1076 | D:2      | Reached XP level 3. HP: 13/31 MP: 2/4
  1400 | D:2      | Reached skill level 1 in Short Blades
  1400 | D:2      | Reached skill level 1 in Long Blades
  1400 | D:2      | Reached skill level 1 in Axes
  1400 | D:2      | Reached skill level 1 in Maces & Flails
  1400 | D:2      | Reached skill level 1 in Polearms
  1400 | D:2      | Reached skill level 1 in Staves
  1400 | D:2      | Reached skill level 1 in Slings
  1400 | D:2      | Reached skill level 1 in Bows
  1400 | D:2      | Reached skill level 1 in Crossbows
  1400 | D:2      | Reached skill level 1 in Throwing
  1400 | D:2      | Reached skill level 1 in Dodging
  1400 | D:2      | Reached skill level 1 in Stealth
  1400 | D:2      | Reached skill level 1 in Unarmed Combat
  1400 | D:2      | Reached skill level 1 in Spellcasting
  1535 | D:2      | Reached XP level 4. HP: 30/38 MP: 5/5
  1948 | D:2      | Noticed Natasha
  1960 | D:2      | HP: 9/38 [Natasha (7)]
  1961 | D:2      | Killed Natasha
  1962 | D:2      | Reached skill level 1 in Conjurations
  1962 | D:2      | Reached skill level 1 in Hexes
  1962 | D:2      | Reached skill level 1 in Summonings
  1962 | D:2      | Reached skill level 1 in Necromancy
  1962 | D:2      | Reached skill level 1 in Translocations
  1962 | D:2      | Reached skill level 1 in Transmutations
  1962 | D:2      | Reached skill level 1 in Fire Magic
  1962 | D:2      | Reached skill level 1 in Ice Magic
  1962 | D:2      | Reached skill level 1 in Air Magic
  1962 | D:2      | Reached skill level 1 in Earth Magic
  1962 | D:2      | Reached skill level 1 in Poison Magic
  2940 | D:3      | Reached XP level 5. HP: 33/43 MP: 6/6
  3325 | D:3      | Reached skill level 3 in Evocations
  3592 | D:4      | You fall into a shaft and drop 3 floors!
  3592 | D:7      | Noticed a kobold brigand
  3629 | D:7      | Killed a kobold brigand
  3630 | D:7      | Reached skill level 2 in Invocations
  3630 | D:7      | Reached XP level 6. HP: 22/50 MP: 8/8
  3634 | D:7      | HP: 12/50 [poisoned by a kobold brigand]
  3639 | D:7      | HP: 8/50 [poisoned by a kobold brigand]
  3650 | D:7      | HP: 8/50 [scorpion (1)]
  3654 | D:7      | HP: 3/50 [poisoned by a scorpion]
  3656 | D:7      | HP: 1/50 [poisoned by a scorpion]
  3896 | D:7      | Reached skill level 5 in Fighting
  3896 | D:7      | Reached skill level 2 in Short Blades
  3896 | D:7      | Reached skill level 2 in Long Blades
  3896 | D:7      | Reached skill level 2 in Axes
  3896 | D:7      | Reached skill level 2 in Maces & Flails
  3896 | D:7      | Reached skill level 2 in Polearms
  3896 | D:7      | Reached skill level 2 in Staves
  3896 | D:7      | Reached skill level 2 in Slings
  3896 | D:7      | Reached skill level 2 in Bows
  3896 | D:7      | Reached skill level 2 in Crossbows
  3896 | D:7      | Reached skill level 2 in Throwing
  3896 | D:7      | Reached skill level 2 in Dodging
  3896 | D:7      | Reached skill level 2 in Stealth
  3896 | D:7      | Reached skill level 5 in Shields
  3896 | D:7      | Reached skill level 2 in Unarmed Combat
  3896 | D:7      | Reached skill level 2 in Spellcasting
  3914 | D:7      | Noticed a black bear
  3930 | D:7      | Killed a black bear
  3931 | D:7      | Reached XP level 7. HP: 35/56 MP: 10/10
  4124 | D:7      | Reached skill level 2 in Conjurations
  4124 | D:7      | Reached skill level 2 in Hexes
  4124 | D:7      | Reached skill level 2 in Summonings
  4124 | D:7      | Reached skill level 2 in Necromancy
  4124 | D:7      | Reached skill level 2 in Translocations
  4124 | D:7      | Reached skill level 2 in Transmutations
  4124 | D:7      | Reached skill level 2 in Fire Magic
  4124 | D:7      | Reached skill level 2 in Ice Magic
  4124 | D:7      | Reached skill level 2 in Air Magic
  4124 | D:7      | Reached skill level 2 in Earth Magic
  4124 | D:7      | Reached skill level 2 in Poison Magic
  4277 | D:7      | You pick up a book of Air and begin reading...
  4277 | D:7      | You add the spells Shock, Swiftness and Airstrike to your
                  | library.
  4282 | D:7      | Learned a level 3 spell: Swiftness
  4332 | D:7      | Reached skill level 3 in Invocations
  4508 | D:7      | HP: 13/55 [orc warrior/+0 glaive (16)]
  4510 | D:7      | Slain by an orc warrior

Vanquished Creatures
  A water moccasin (D:7)
  A sky beast (D:7)
  A black bear (D:7)
  A kobold brigand (D:7)
  2 bullfrogs (D:7)
  A scorpion (D:7)
  3 hounds
  A jelly (D:7)
  Terence (D:2)
  Natasha (D:2)
  3 adders (D:2)
  A shadow imp (D:7)
  A white imp (D:7)
  A worm (D:2)
  A dart slug (D:3)
  An orc (D:3)
  3 ball pythons
  5 bats
  4 endoplasms
  A giant cockroach (D:2)
  6 goblins
  4 hobgoblins
  4 jackals (D:3)
  4 kobolds
  4 frilled lizards
  5 rats
61 creatures vanquished.

Table legend:
 A = Non-vault XP
 B = Vault XP
 C = Vault XP percentage of total XP
 D = Non-vault monster count
 E = Vault monster count
 F = Vault count percentage of total count
                 A         B        C        D         E       F
            +---------+---------+-------+---------+---------+-------
      Total |     897 |     242 |  21.2 |      57 |       4 |   6.6
            +---------+---------+-------+---------+---------+-------
        D:1 |      17 |       0 |   0.0 |      10 |       0 |   0.0
        D:2 |      60 |      69 |  53.5 |      14 |       2 |  12.5
        D:3 |      83 |       0 |   0.0 |      22 |       0 |   0.0
        D:7 |     737 |     173 |  19.0 |      11 |       2 |  15.4
            +---------+---------+-------+---------+---------+-------

Illustrated notes

Table legend:
 A = Kills in this place as a percentage of kills in entire the game.
 B = Kills by you in this place as a percentage of kills by you in the entire game.
 C = Kills by friends in this place as a percentage of kills by friends in the entire game.
 D = Other kills in this place as a percentage of other kills in the entire game.
 E = Experience gained in this place as a percentage of experience gained in the entire game.
 F = Experience gained in this place divided by the number of levels of this place that you have seen.
                   A       B       C       D       E      F
               +-------+-------+-------+-------+-------+----------------------
         Total | 100.0 | 100.0 |   N/A |   N/A | 100.0 | 189.8
       Dungeon | 100.0 | 100.0 |   N/A |   N/A | 100.0 | 189.8
               +-------+-------+-------+-------+-------+----------------------

Table legend: (Time is in decaauts)
 A = Elapsed time spent in this place.
 B = Non-inter-level travel time spent in this place.
 C = Inter-level travel time spent in this place.
 D = Time resting spent in this place.
 E = Time spent auto-exploring this place.
 F = Levels seen in this place.
 G = Mean time per level.
                   A        B        C        D        E       F      G
               +--------+--------+--------+--------+--------+-----+--------+
         Total |   4529 |   4469 |     60 |    799 |   3040 |   6 |  754.8 |
       Dungeon |   4529 |   4469 |     60 |    799 |   3040 |   6 |  754.8 |
               +--------+--------+--------+--------+--------+-----+--------+

Top non-repeatable levels by time:
     D:2: 1861 daAuts
     D:3: 996 daAuts
     D:1: 752 daAuts
     D:7: 687 daAuts
     D:8: 225 daAuts
     D:4: 6 daAuts
